 Dungeon Crawl Stone Soup version 0.27-a0-1202-ge72e49191c (webtiles) character file.

Game seed: 14404038333800973783

105 Strat the Charlatan (level 4, -6/36 HPs)
             Began as a Demonspawn Artificer on June 4, 2021.
             Mangled by Natasha (8 damage)
             ... on level 2 of the Dungeon.
             The game lasted 00:11:03 (3393 turns).

Strat the Charlatan (Demonspawn Artificer)          Turns: 3393, Time: 00:11:04

Health: -6/36      AC:  8    Str: 13    XL:     4   Next: 53%
Magic:  4/4        EV: 10    Int: 13    God:
Gold:   74         SH:  0    Dex: 13    Spells: 3/3 levels left

rFire    . . .     SeeInvis .   a - +0 short sword
rCold    + . .     Faith    .   (no shield)
rNeg     . . .     Spirit   .   g - +0 ring mail
rPois    .         Reflect  .   (helmet restricted)
rElec    .         Harm     .   (no cloak)
rCorr    .         Rampage  .   (no gloves)
Will     .....                  o - +0 pair of boots
Stlth    ..........             (no amulet)
HPRegen  0.12/turn              h - ring of protection from cold
MPRegen  0.09/turn              (no ring)

@: silenced, hasted, invisible, very quick
A: antennae 1, rugged brown scales 2
a: no special abilities


You were on level 2 of the Dungeon.
You visited 1 branch of the dungeon, and saw 3 of its levels.

You collected 74 gold pieces.

Inventory:

Hand Weapons
 a - a +0 short sword (weapon)
 b - a +0 hunting sling
 c - a +0 hand axe
 i - a +0 dagger
 j - a +0 club
Missiles
 k - 60 arrows
 m - 44 stones (quivered)
 s - 14 poisoned darts
Armour
 g - a +0 ring mail (worn)
 o - a +0 pair of boots (worn)
 q - a +0 leather armour
Jewellery
 h - a ring of protection from cold (left hand)
Wands
 d - a wand of charming (15)
Scrolls
 l - a scroll of enchant weapon {unknown}
 p - a scroll of identify
Potions
 n - a potion of curing {unknown}
 r - a potion of brilliance {unknown}
 t - a potion of haste
Miscellaneous
 e - a piece from Xom's chessboard (15/15)


   Skills:
 - Level 3.0 Fighting
 + Level 1.7 Short Blades
 + Level 1.9 Slings
 - Level 1.7 Armour
 - Level 0.8 Dodging
 - Level 0.8 Stealth
 - Level 3.0 Evocations


You had 3 spell levels left.
You didn't know any spells.
Your spell library was empty.

Dungeon Overview and Level Annotations

Branches:
Dungeon (3/15)

Altars:

Annotations:
D:2 Natasha, Terence
D:3 Grinder, Robin


Innate Abilities, Weirdness & Mutations

You have a pair of small antennae on your head.
You are mostly covered in rugged brown scales. (AC +2, +5% HP)


Message History

You barely miss Natasha.
Natasha is lightly wounded.
Natasha claws you but does no damage.
You closely miss Natasha.
Natasha is lightly wounded.
Natasha barely misses you.
You barely miss Natasha.
Natasha is lightly wounded.
Natasha misses you.
You hit Natasha.
Natasha is moderately wounded.
Natasha claws you but does no damage.
You barely miss Natasha.
Natasha is moderately wounded.
Natasha misses you.
Your ring mail prevents you from hitting Natasha.
Natasha is moderately wounded.
Natasha claws you but does no damage.
You closely miss Natasha.
Natasha is moderately wounded.
Natasha barely misses you.
You hit Natasha.
Natasha is severely wounded.
Natasha closely misses you.
You miss Natasha.
Natasha is severely wounded.
Natasha claws you!
* * * LOW HITPOINT WARNING * * *
You hit Natasha.
Natasha is severely wounded.
Natasha claws you.
* * * LOW HITPOINT WARNING * * *
You hit Natasha but do no damage.
Natasha is severely wounded.
You feel yourself speed up. Natasha barely misses you.
It was a potion of invisibility.
You fade into invisibility!
Natasha claws you!
You die...

..........# #......#.######
......)...#######......#.#
..#...>.....h...#......#.#
..#..........##.#......#.#
.###.#.##....##.#......#.#######
(....#.##....##.#..............#
..#....##....##..######........#
#.###..##....###h# #........#
..#....##....# #@# #........##
....#..##....# #.# #........##
..####.##....# #.# ##.########
..####.##....###.#######.###### #
.......##......#.#......รท.....#
# #########....#.#..............#
#
.............#.##.............###
......#####..#.##..##...........#
..###.###...##.#...##...........#


You could see Natasha (strong).

Vanquished Creatures
  Jessica (D:2)
  An adder (D:2)
  2 worms (D:2)
  2 dart slugs (D:1)
  An orc (D:2)
  2 ball pythons (D:1)
  2 bats (D:2)
  4 endoplasms
  5 giant cockroaches
  7 goblins
  9 hobgoblins
  2 jackals (D:2)
  4 quokkas
  4 frilled lizards
  4 kobolds
  3 rats
53 creatures vanquished.

Notes
Turn   | Place    | Note
-------+----------+-------------------------------------------
     0 | D:1      | Strat the Demonspawn Artificer began the quest for the Orb.
     0 | D:1      | Reached XP level 1. HP: 15/15 MP: 1/1
   100 | D:1      | Found a faded altar of an unknown god.
   392 | D:1      | Gained mutation: You are partially covered in rugged brown
                  | scales. (AC +1, +3% HP) [demonic ancestry]
   392 | D:1      | Reached XP level 2. HP: 16/22 MP: 2/2
  1187 | D:1      | Gained mutation: You are mostly covered in rugged brown
                  | scales. (AC +2, +5% HP) [demonic ancestry]
  1187 | D:1      | Reached XP level 3. HP: 24/30 MP: 3/3
  1558 | D:2      | Noticed Jessica
  1619 | D:2      | Killed Jessica
  1620 | D:2      | Reached skill level 1 in Slings
  1620 | D:2      | Reached skill level 1 in Short Blades
  1924 | D:2      | Noticed Natasha
  2087 | D:2      | Gained mutation: You have a pair of small antennae on your
                  | head. [demonic ancestry]
  2087 | D:2      | Reached XP level 4. HP: 36/36 MP: 4/4
  2195 | D:2      | Noticed Terence
  3305 | D:3      | Noticed Grinder
  3356 | D:3      | Noticed Robin
  3393 | D:2      | Mangled by Natasha

Illustrated notes

Levels and vault maps discovered:
D:1:      dpeg_arrival_rooms_a, layout_basic, shapermc_ecumenical_altar_venn
D:2:      minmay_evil_eye, layout_basic, minmay_pentomino_t4, uniq_natasha,
          uniq_terence, uniq_jessica
D:3:      layout_basic, overflow_temple_1_default, amcnicky_altar_gilded,
          ebering_ghost_disaster_area, uniq_grinder, uniq_ijyb, uniq_robin

Skill      XL: |  1  2  3 |
---------------+----------+-----
Fighting       | 2 3 |  3.0
Slings         | 1 |  1.9
Short Blades   | 1 |  1.7
Armour         | |  1.7
Dodging        | |  0.8
Stealth        | |  0.8
Evocations     | |  3.0

Action                   |  1- 3 |  4- 6 || total
-------------------------+-------+-------++-------
Melee: Short sword       |    68 |    73 ||   141
 Fire: Hunting sling     |    23 |    58 ||    81
Throw: Stone             |     3 |       ||     3
Evoke: Wand              |    15 |       ||    15
  Use: Scroll            |       |     2 ||     2
       Potion            |       |     2 ||     2
Armor: Ring mail         |    31 |    35 ||    66
Dodge: Dodged            |    23 |    41 ||    64

Table legend: (Time is in decaauts)
 A = Elapsed time spent in this place.
 B = Non-inter-level travel time spent in this place.
 C = Inter-level travel time spent in this place.
 D = Time resting spent in this place.
 E = Time spent auto-exploring this place.
 F = Levels seen in this place.
 G = Mean time per level.
                   A        B        C        D        E       F      G
               +--------+--------+--------+--------+--------+-----+--------+
         Total |   3404 |   3208 |    196 |    752 |   1345 |   3 | 1134.7 |
       Dungeon |   3404 |   3208 |    196 |    752 |   1345 |   3 | 1134.7 |
               +--------+--------+--------+--------+--------+-----+--------+

Top non-repeatable levels by time:
     D:2: 1779 daAuts
     D:1: 1589 daAuts
     D:3: 36 daAuts
